 Dungeon Crawl Stone Soup version 0.30.0-5-g1a98f26d00 (webtiles) character file.

Game seed: 8351691728376692845

175138 Pimp the Warrior (level 18, -6/173 HPs)
             Began as a Hill Orc Fighter on May 8, 2023.
             Was the Champion of Makhleb.
             Mangled by a salamander tyrant (28 damage)
             ... on level 4 of the Snake Pit.
             The game lasted 01:26:46 (30352 turns).

Pimp the Warrior (Hill Orc Fighter)                Turns: 30352, Time: 01:26:48

Health: -6/173     AC: 62    Str: 39    XL:     18   Next: 8%
Magic:  27/27      EV:  4    Int:  8    God:    Makhleb [******]
Gold:   2899       SH: 22    Dex: 10    Spells: 23/24 levels left

rFire   . . .        m - +3 broad axe "Periusmuin" {pain, Drain Will+ rCorr Str+6}
rCold   . . .        H - +3 tower shield {AC+3}
rNeg    . . .        F - +14 crystal plate armour of Pride {Str+6}
rPois   .            W - +2 helmet of the Original Sin {SInv}
rElec   .            Z - +2 cloak {Stlth+}
rCorr   +            A - +1 pair of gloves
SInv    +            K - +0 pair of boots
Will    ++...        N - amulet of regeneration Stlth
                     r - +4 ring of protection
HPRegen 1.28/turn    V - ring of resist corrosion
MPRegen 0.20/turn

%: no passive effects
@: lethally poisoned (-6 -> -13), weakened, constricted
A: iridescent scales 2, wild magic 1
a: Renounce Religion, Minor Destruction, Lesser Servant of Makhleb, Major
Destruction, Greater Servant of Makhleb


You were on level 4 of the Snake Pit.
You worshipped Makhleb.
Makhleb was exalted by your worship.
You visited 6 branches of the dungeon, and saw 28 of its levels.
You visited the Abyss 1 time.
You also visited: Ossuary, Bailey and Gauntlet.

You collected 3664 gold pieces.
You spent 765 gold pieces at shops.

Inventory:

Hand Weapons
 f - a +3 broad axe of protection
 m - the +3 broad axe "Periusmuin" (weapon) {pain, Drain Will+ rCorr Str+6}
   (You acquired it on level 5 of the Dungeon)

   Str:       It affects your strength (+6).
   rCorr:     It protects you from acid and corrosion.
   Drain:     It drains your maximum health when unequipped.
   Will:      It increases your willpower.
 O - a +3 broad axe of electrocution
Missiles
 v - 4 silver boomerangs
 z - 6 silver javelins (quivered)
Armour
 y - a +0 hat of willpower
 A - a +1 pair of gloves (worn)
 F - the +14 crystal plate armour of Pride (worn) {Str+6}
   (You found it in a bailey)

   Str:       It affects your strength (+6).
 H - a +3 tower shield of protection (worn)
 K - a +0 pair of boots (worn)
 W - the +2 helmet of the Original Sin (worn) {SInv}
   (You found it in a Gauntlet)

   SInv:      It lets you see invisible.
 Z - a +2 cloak of stealth (worn)
Magical Staves
 C - the staff of fire "Rejien" {rF+ Will+ Str-5 Int+3}
   (You found it on level 10 of the Dungeon)

   [staff of fire]

   Base accuracy: +5 Base damage: 5 Base attack delay: 1.2 This weapon's minimum
   attack delay (0.6) is reached at skill level 12.
   Str:       It affects your strength (-5).
   Int:       It affects your intelligence (+3).
   rF:        It protects you from fire.
   Will:      It increases your willpower.
   It falls into the 'Staves' category.
   It is a one-handed weapon.
Jewellery
 c - the ring "Rucidd" {*Slow rElec rPois rC+ Int+2}
   (You took it off a minotaur in a Gauntlet)

   [ring of protection from cold]

   Int:       It affects your intelligence (+2).
   rC:        It protects you from cold.
   rElec:     It insulates you from electricity.
   rPois:     It protects you from poison.
   *Slow:     It may slow you when you take damage.
 n - an amulet of faith
 r - a +4 ring of protection (left hand)
 N - an amulet of regeneration (around neck)
 T - a ring of positive energy
 U - an amulet of guardian spirit
 V - a ring of resist corrosion (right hand)
 X - a ring of see invisible
 Y - a ring of protection from cold
Wands
 g - a wand of quicksilver (4)
 u - a wand of flame (55)
 I - a wand of charming (24)
 M - a wand of roots (12)
 S - a wand of mindburst (27)
Scrolls
 d - a scroll of silence
 e - 5 scrolls of immolation
 h - 6 scrolls of enchant weapon
 j - 11 scrolls of teleportation
 l - 2 scrolls of blinking
 p - 4 scrolls of magic mapping
 t - a scroll of summoning
 w - 9 scrolls of vulnerability
 x - 10 scrolls of identify
 B - 3 scrolls of amnesia
 L - 5 scrolls of poison
Potions
 a - a potion of berserk rage
 b - 4 potions of lignification
 i - 12 potions of curing
 k - 5 potions of haste
 o - a potion of heal wounds
 q - 9 potions of mutation
 s - 3 potions of ambrosia
 D - 3 potions of cancellation
 E - 5 potions of brilliance
 G - 3 potions of attraction
 J - a potion of magic
 P - 3 potions of might
 R - a potion of flight


   Skills:
 + Level 18.6 Fighting
 - Level 18.0 Axes
 + Level 17.2 Armour
 + Level 17.2 Shields
 - Level 3.6 Spellcasting
 - Level 6.0 Necromancy
 - Level 12.6 Invocations


You had 23 spell levels left.
You knew the following spells:

 Your Spells              Type           Power      Damage    Failure   Level
a - Necrotise             Necr           56%        1d6       41%         1

Your spell library contained the following spells:

 Spells                   Type           Power      Damage    Failure   Level
 Sublimation of Blood     Necr           14%        N/A       52%         2
 Vampiric Draining        Necr           14%        2d7       75%         3
 Cigotuvi's Dreadful Rot  Necr/Pois/Air  12%        N/A       96%         2
 Beastly Appendage        Tmut           2%         N/A       99%         1
 Foxfire                  Conj/Fire      4%         2x1d4     99%         1
 Magic Dart               Conj           4%         1d3       99%         1
 Shock                    Conj/Air       4%         1d3       99%         1
 Sting                    Tmut/Pois      4%         1d3       99%         1
 Ensorcelled Hibernation  Hex/Ice        2%         N/A       100%        2
 Passwall                 Tmut/Erth      0%         N/A       100%        2
 Poisonous Vapours        Pois/Air       2%         N/A       100%        2
 Searing Ray              Conj           2%         2d4       100%        2
 Wereblood                Tmut           1%         N/A       100%        2
 Frozen Ramparts          Ice            2%         1d1       100%        3
 Ignite Poison            Fire/Tmut/Pois 1%         N/A       100%        3
 Inner Flame              Hex/Fire       1%         N/A       100%        3
 Mephitic Cloud           Conj/Pois/Air  1%         N/A       100%        3
 Ozocubu's Armour         Ice            1%         N/A       100%        3
 Portal Projectile        Hex/Tloc       2%         N/A       100%        3
 Spider Form              Tmut/Pois      1%         N/A       100%        3
 Swiftness                Air            1%         N/A       100%        3
 Tukima's Dance           Hex            1%         N/A       100%        3
 Airstrike                Air            0%         2d(1-17)  100%        4
 Flame Wave               Conj/Fire      1%         2d4       100%        4
 Fulminant Prism          Conj/Hex       0%         3d5       100%        4
 Ice Form                 Ice/Tmut       1%         N/A       100%        4
 Leda's Liquefaction      Hex/Erth       0%         N/A       100%        4
 Sticky Flame             Conj/Fire      1%         2d3       100%        4
 Summon Ice Beast         Ice/Summ       1%         N/A       100%        4
 Agony                    Necr           14%        N/A       100%        5
 Alistair's Intoxication  Tmut/Pois      0%         N/A       100%        5
 Blade Hands              Tmut           0%         N/A       100%        5
 Borgnjor's Vile Clutch   Necr/Erth      4%         N/A       100%        5
 Fireball                 Conj/Fire      0%         3d3       100%        5
 Freezing Cloud           Conj/Ice/Air   0%         6-21      100%        5
 Irradiate                Conj/Tmut      0%         3d11      100%        5
 Lee's Rapid Deconstruct  Erth           0%         3d4*      100%        5
 Metabolic Englaciation   Hex/Ice        0%         N/A       100%        5
 Yara's Violent Unravell  Hex/Tmut       0%         3d3       100%        5
 Eringya's Noxious Bog    Tmut/Pois      0%         N/A       100%        6
 Plasma Beam              Fire/Air       0%         2x1d11    100%        6
 Simulacrum               Ice/Necr       4%         N/A       100%        6
 Starburst                Conj/Fire      0%         6d3       100%        6
 Statue Form              Tmut/Erth      0%         N/A       100%        6
 Dragon Form              Tmut           0%         N/A       100%        7
 Enfeeble                 Hex            0%         N/A       100%        7
 Borgnjor's Revivificati  Necr           7%         N/A       100%        8


Dungeon Overview and Level Annotations

Branches:
Dungeon (15/15)            Temple (1/1) D:6            Lair (5/5) D:8
  Swamp (0/4) Lair:3        Snake (4/4) Lair:3        Slime (0/5) Lair:4
    Orc (2/2) D:11            Elf (0/3) Orc:2        Vaults (0/5) D:14
 Depths (1/4) D:15        Ossuary (visited)          Bailey (visited)
Gauntlet (visited)

Altars:
Ashenzari
Cheibriados
Dithmenos
Elyvilon
Fedhas
Gozag
Hepliaklqana
Kikubaaqudgha
Makhleb
Nemelex Xobeh
Okawaru
Qazlal
Ru
Sif Muna
Trog
Uskayaw
Vehumet
Wu Jian
Xom
Yredelemnul
Zin
The Shining One

Shops:
D:5 !   D:7 [   Orc:1 !   Orc:2 ?*::   Snake:1 ?   Snake:2 =   Snake:3 :(

Portals:
Ziggurat: Depths:1


Innate Abilities, Weirdness & Mutations

You are mostly covered in iridescent scales. (AC +4)
Your spells are a little harder to cast, but a little more powerful.


Message History

The nagaraja hits you with a +0 whip.
* * * LOW HITPOINT WARNING * * *
The nagaraja constricts you.
You feel better.
You block the guardian serpent's attack.
You block the nagaraja's attack. The nagaraja constricts you.
* * * LOW HITPOINT WARNING * * *
The salamander tyrant hits you but does no damage.
The salamander hits you but does no damage.
The naga warrior hits you but does no damage.
Blink to where?
Press: ? - help, Dir - move target You escape the nagaraja's grasp.
As you read the scroll of blinking, it crumbles to dust.
The guardian serpent casts a spell at you.
The naga warrior blinks!
A demon appears!
You block the nagaraja's attack. The nagaraja grabs you.
The nagaraja constricts you. You block the salamander's attack.
The naga warrior spits poison at you.
The splash of poison hits you but does no damage.
You are poisoned.
The nagaraja hits you but does no damage.
The nagaraja constricts you.
The salamander tyrant gazes fiercely through you!
You feel as though you will be weak longer.
You block the salamander tyrant's attack.
You feel much better.
You feel sick.
The nagaraja gestures at you while chanting.
You resist with some effort. The nagaraja constricts you.
You block the salamander's attack.
The guardian serpent casts a spell at you.
The bolt of poison hits you.
You are more poisoned.
* * * LOW HITPOINT WARNING * * *
The naga warrior hits you with a +0 mace.
* * * LOW HITPOINT WARNING * * *
The salamander tyrant hits you!
* * * LOW HITPOINT WARNING * * *
You are engulfed in flames!!
You die...

........N.###'''###.....###.....#
....)...N§##.....##.....##....##.
..#.))..N.......#....#........##.
..#).)...........÷...#........##.
......##.÷..S.............##.....
..........................<......
.................................
.)).............N.2..#...........
).........(.....@N..##...........
.........##....NN..........##....
...#......#............#........#
^.##..##...............# .......#
.......##.....................[..
........#........................
#.......##....#..................
........#....##......... .##....
###...... ### .##.


You could see a nagaraja (fast, strong), a naga warrior (catching breath), a
salamander tyrant (strong, ally target), a salamander (strong), a guardian
serpent and a friendly green death (summoned).

Vanquished Creatures
  An ancient lich (Abyss:3)
  Saint Roka (Orc:2)
  Vashnia (Snake:3)
  4 tentacled starspawn (Abyss:3)
  Gastronok (Lair:3)
  Agnes (Snake:4)
  A frost giant (D:15)
  Aizul (Snake:1)
  A very ugly thing (Abyss:3)
  A minotaur (Gauntlet)
  Josephine (D:12)
  A hell beast (Gauntlet)
  An ogre mage (D:15)
  4 hydras
  12 anacondas
  2 death knights
  12 naga warriors
  5 centaur warriors
  4 boulder beetles
  2 tengu warriors (D:15)
  6 two-headed ogres
  4 death yaks (Lair:5)
  5 orc high priests (Orc:2)
  2 thrashing horrors
  21 naga sharpshooters
  6 shock serpents
  Sonja (Lair:3)
  A wretched star (Abyss:3)
  Amaemon (Lair:3)
  A fire crab (D:10)
  2 sea snakes (Snake:2)
  A salamander mystic (Snake:2)
  7 naga ritualists
  6 large abominations
  14 orc knights
  2 wizards
  17 mana vipers
  A wolf spider (D:15)
  A deep elf pyromancer (D:14)
  An orc sorcerer (Orc:2)
  A wolf spider zombie (D:11)
  14 ugly things
  2 oklob plants (Lair:3)
  5 salamanders
  4 cyclopes
  A guardian serpent (Snake:2)
  34 black mambas
  A guardian serpent (shapeshifter) (D:15)
  7 naga magi
  Maurice (D:8)
  A gargoyle (D:14)
  11 cane toads
  2 smoke demons
  A dire elephant skeleton (Abyss:2)
  A torpor snail (Lair:1)
  2 centaur skeletons (D:11)
  An orange demon (Lair:3)
  14 komodo dragons
  2 minotaur zombies (Gauntlet)
  A tengu conjurer (D:14)
  An efreet (Abyss:2)
  3 rime drakes
  2 ancient zymes
  A tyrant leech (Lair:3)
  3 hellwings (D:11)
  4 hornets
  10 trolls
  6 polar bears
  Prince Ribbit (D:6)
  8 blink frogs
  3 raiju (Abyss:3)
  5 dream sheep (Lair:5)
  23 slime creatures
  A jumping spider (shapeshifter) (Abyss:3)
  15 spriggans
  2 ynoxinuls (Abyss:2)
  4 shadows
  2 wyverns
  A vampire (D:13)
  6 wraiths
  A yak (shapeshifter) (D:14)
  9 basilisks
  47 yaks
  A chaos spawn (Abyss:3)
  A steam dragon (D:6)
  5 vampire mosquitoes (D:14)
  A neqoxec (Abyss:3)
  6 wargs
  22 nagas
  9 water moccasins
  2 acid dragons
  Duvessa (D:5)
  2 hell hounds (Gauntlet)
  40 orc warriors
  An ice beast (D:6)
  A sky beast (D:8)
  7 black bears
  6 ogres
  8 boggarts
  19 centaurs
  20 wolves
  3 kobold brigands
  A phantom (D:7)
  Blork the orc (D:6)
  6 bullfrogs
  A gnoll sergeant (Orc:2)
  5 scorpions
  5 wights (D:8)
  Dowan (D:5)
  5 small abominations
  6 howler monkeys
  3 electric eels
  6 jellies
  2 hounds (D:6)
  A gnoll bouda (D:7)
  28 orc priests
  2 starcursed masses (Abyss:3)
  An iron imp (Abyss:3)
  A sleepcap (D:4)
  5 iguanas
  28 orc wizards
  A boggart skeleton (D:11)
  8 mummies (Ossuary)
  9 gnolls
  5 adders
  2 shadow imps (D:5)
  3 white imps
  An ufetubus (Abyss:2)
  4 worms
  4 dart slugs
  116 orcs
  7 ball pythons
  5 bats
  14 endoplasms
  7 giant cockroaches
  11 goblins
  15 hobgoblins
  3 jackals (D:2)
  21 kobolds
  4 quokkas
  3 frilled lizards
  3 gnoll zombies (Ossuary)
  2 hobgoblin zombies (Ossuary)
  2 kobold zombies (Ossuary)
  An orc zombie (Ossuary)
  9 rats
  2 starspawn tentacles (Abyss:3)
946 creatures vanquished.

Vanquished Creatures (collateral kills)
  2 hydras (D:10)
  3 yaks (D:10)
5 creatures vanquished.

Vanquished Creatures (others)
  A small abomination (Abyss:2)
  An adder (D:6)
  2 orcs
  A lurking horror (Abyss:3)
  11 starspawn tentacles
16 creatures vanquished.

Grand Total: 967 creatures vanquished

Notes
Turn   | Place    | Note
-------+----------+-------------------------------------------
     0 | D:1      | Pimp the Hill Orc Fighter began the quest for the Orb.
     0 | D:1      | Reached XP level 1. HP: 19/19 MP: 1/1
    82 | D:1      | Reached XP level 2. HP: 27/27 MP: 2/2
   383 | D:1      | Reached XP level 3. HP: 28/33 MP: 3/3
  1034 | D:2      | Reached XP level 4. HP: 39/40 MP: 4/4
  2058 | D:4      | Noticed a black bear
  2067 | D:4      | Killed a black bear
  2068 | D:4      | Reached XP level 5. HP: 42/47 MP: 5/5
  2082 | D:4      | Reached skill level 5 in Fighting
  2091 | D:4      | Reached XP level 6. HP: 17/56 MP: 6/6
  2295 | D:4      | Found a shimmering blue altar of Sif Muna.
  2975 | D:5      | Entered Level 5 of the Dungeon
  2978 | D:5      | Noticed a water moccasin
  2998 | D:5      | Killed a water moccasin
  2999 | D:5      | Reached skill level 5 in Axes
  2999 | D:5      | Reached skill level 5 in Armour
  2999 | D:5      | Reached skill level 5 in Shields
  2999 | D:5      | Reached XP level 7. HP: 6/61 MP: 7/7
  3257 | D:5      | Found Taets's Distillery.
  3313 | D:5      | Bought a potion of heal wounds for 55 gold pieces
  3500 | D:5      | Identified a scroll of acquirement
  3500 | D:5      | Acquired the +3 broad axe "Periusmuin" {pain, Drain Will+
                  | rCorr Str+6}
  3504 | D:5      | Learned a level 1 spell: Necrotise
  3531 | D:5      | Reached skill level 1 in Necromancy
  3912 | D:5      | Noticed Dowan
  3917 | D:5      | Killed Dowan
  3917 | D:5      | Noticed Duvessa
  3918 | D:5      | Reached skill level 1 in Spellcasting
  3930 | D:5      | Reached XP level 8. HP: 70/70 MP: 9/9
  3930 | D:5      | Killed Duvessa
  4304 | D:6      | Noticed Prince Ribbit
  4319 | D:6      | Found a staircase to the Ecumenical Temple.
  4332 | Temple   | Entered the Ecumenical Temple
  4566 | Temple   | Became a worshipper of Makhleb the Destroyer
  4636 | D:6      | Found a sand-covered staircase.
  4641 | Ossuary  | Entered an ossuary
  4703 | Ossuary  | Reached * piety under Makhleb
  5169 | D:6      | Killed Prince Ribbit
  5170 | D:6      | Reached XP level 9. HP: 20/79 MP: 12/12
  5373 | D:6      | Noticed a rust devil
  5414 | D:6      | Noticed Blork the orc
  5419 | D:6      | Killed Blork the orc
  5491 | D:6      | Noticed an angel
  5851 | D:7      | Found an opulent altar of Gozag.
  5851 | D:7      | Found a radiant altar of Vehumet.
  5943 | D:7      | Reached skill level 5 in Necromancy
  5949 | D:7      | Reached ** piety under Makhleb
  6231 | D:7      | Found a snail-covered altar of Cheibriados.
  6336 | D:7      | Found Raumoschuth's Armour Emporium.
  6341 | D:7      | Reached skill level 10 in Fighting
  6341 | D:7      | Reached skill level 10 in Axes
  6341 | D:7      | Reached XP level 10. HP: 93/93 MP: 14/14
  6669 | D:8      | Noticed Maurice
  6690 | D:8      | Killed Maurice
  6777 | D:8      | Found a staircase to the Lair.
  6785 | D:8      | Reached XP level 11. HP: 70/98 MP: 15/15
  6801 | D:8      | Reached *** piety under Makhleb
  7184 | D:8      | Found a glowing silver altar of Zin.
  7356 | D:9      | Noticed a two-headed ogre
  7364 | D:9      | Killed a two-headed ogre
  8101 | D:10     | Entered Level 10 of the Dungeon
  8106 | D:10     | Found a shadowy altar of Dithmenos.
  8163 | D:10     | Found a flagged portal.
  8175 | Bailey   | Entered a bailey
  8629 | Bailey   | Identified the +14 crystal plate armour of Pride {Str+6}
  8716 | D:10     | Found an iron altar of Okawaru.
  8999 | D:10     | Found a sacrificial altar of Ru.
  9442 | D:10     | Noticed an eight-headed hydra
  9457 | D:10     | Killed a nine-headed hydra
  9458 | D:10     | Reached skill level 10 in Armour
  9458 | D:10     | Reached skill level 10 in Shields
  9481 | D:10     | Noticed an orc knight
  9492 | D:10     | Killed an orc knight
  9611 | D:10     | Noticed a death knight
  9623 | D:10     | Killed a death knight
  9636 | D:10     | Noticed a seven-headed hydra
  9654 | D:10     | Killed a 12-headed hydra
  9654 | D:10     | Reached **** piety under Makhleb
  9655 | D:10     | Reached XP level 12. HP: 40/110 MP: 17/17
 10187 | D:10     | Noticed a boulder beetle
 10206 | D:10     | Killed a boulder beetle
 10273 | D:10     | Identified the staff of fire "Rejien" {rF+ Will+ Str-5
                  | Int+3}
 10479 | D:11     | Noticed a boulder beetle
 10501 | D:11     | Killed a boulder beetle
 10638 | D:11     | Found a staircase to the Orcish Mines.
 10690 | D:11     | Noticed a two-headed ogre
 10701 | D:11     | Killed a two-headed ogre
 10754 | D:11     | Found Laabb's General Store.
 10911 | D:11     | Found the +4 Cigotuvi's embrace {Corpsefed rMiasma Drain
                  | rN+}
 11438 | D:12     | Got Cigotuvi's Almanac of Fluctuating Dark Ceremonies
 11482 | D:12     | You fall into a shaft and drop 1 floor!
 11617 | D:12     | Noticed Josephine
 11628 | D:12     | Killed Josephine
 11783 | D:12     | Noticed a two-headed ogre
 11790 | D:12     | Killed a two-headed ogre
 11791 | D:12     | Reached XP level 13. HP: 119/119 MP: 18/18
 12138 | D:12     | Reached ***** piety under Makhleb
 13372 | Orc:1    | Entered Level 1 of the Orcish Mines
 13391 | Orc:1    | Found Zurihahi's Distillery.
 14051 | Orc:2    | Entered Level 2 of the Orcish Mines
 14055 | Orc:2    | Noticed Saint Roka
 14656 | Orc:2    | Killed Saint Roka
 15010 | Orc:2    | Found a staircase to the Elven Halls.
 15201 | Orc:2    | Reached ****** piety under Makhleb
 15367 | Orc:2    | Found Gohol's Gadget Gallery.
 15467 | Orc:2    | Reached XP level 14. HP: 42/132 MP: 19/19
 15826 | Orc:2    | Reached skill level 15 in Axes
 15895 | Orc:2    | HP: 2/132 [orc knight/+3 great sword (21)]
 16288 | Orc:2    | Gained mutation: You sometimes lose your temper in combat.
                  | [a neqoxec]
 16353 | Orc:2    | Found Plog's Assorted Antiques.
 16356 | Orc:2    | Found Lunug's Book Boutique.
 16357 | Orc:2    | Found Laen's Magic Scroll Shop.
 16358 | Orc:2    | Found Taicorch's Book Shop.
 16365 | Orc:2    | Bought a potion of mutation for 200 gold pieces
 16365 | Orc:2    | Lost mutation: You sometimes lose your temper in combat.
                  | [potion of mutation]
 16365 | Orc:2    | Gained mutation: You are partially covered in iridescent
                  | scales. (AC +2) [potion of mutation]
 16365 | Orc:2    | Gained mutation: Your spells are a little harder to cast,
                  | but a little more powerful. [potion of mutation]
 16365 | Orc:2    | Gained mutation: You are mostly covered in iridescent
                  | scales. (AC +4) [potion of mutation]
 16659 | Lair:1   | Entered Level 1 of the Lair of Beasts
 17418 | Lair:2   | Reached skill level 1 in Invocations
 17597 | Lair:2   | Identified the +3 shortbow "Xaboac" {heavy, rF+ Will+
                  | Stlth+}
 18220 | Lair:3   | Noticed Amaemon
 18269 | Lair:3   | Noticed Sonja
 18292 | Lair:3   | Found a gate leading to a gauntlet.
 18301 | Gauntlet | Entered a Gauntlet
 18301 | Gauntlet | Found a transporter.
 18301 | Gauntlet | Found a transporter.
 18460 | Gauntlet | Found a transporter.
 18478 | Gauntlet | Found a transporter.
 18494 | Gauntlet | Found a transporter.
 18494 | Gauntlet | Found a transporter.
 18496 | Gauntlet | Found a transporter.
 18499 | Gauntlet | Found a transporter.
 18499 | Gauntlet | Found a transporter.
 18515 | Gauntlet | Found a transporter.
 18532 | Gauntlet | Found a transporter.
 18542 | Gauntlet | Found a transporter.
 18556 | Gauntlet | Found a transporter.
 18575 | Gauntlet | Found a transporter.
 18662 | Gauntlet | Identified the +2 helmet of the Original Sin {SInv}
 18742 | Gauntlet | Identified the ring "Rucidd" {*Slow rElec rPois rC+ Int+2}
 18747 | Gauntlet | Paralysed by a floating eye for 4 turns
 18755 | Gauntlet | Noticed a cyan very ugly thing
 18758 | Gauntlet | Paralysed by a floating eye for 3 turns
 18911 | Abyss:1  | Cast into level 1 of the Abyss (Sonja)
 19007 | Abyss:1  | Noticed a deep elf sorcerer
 19178 | Abyss:2  | Reached skill level 5 in Invocations
 19187 | Abyss:2  | Noticed a balrug
 19233 | Abyss:2  | Reached skill level 15 in Fighting
 19254 | Abyss:2  | Noticed a starcursed mass
 19304 | Abyss:2  | Noticed a tentacled starspawn
 19340 | Abyss:2  | Noticed a deep elf sorcerer
 19343 | Abyss:3  | Noticed a tentacled starspawn
 19350 | Abyss:3  | Killed a tentacled starspawn
 19440 | Abyss:3  | Noticed a red very ugly thing
 19462 | Abyss:3  | Killed a red very ugly thing
 19484 | Abyss:3  | Noticed a tentacled starspawn
 19490 | Abyss:3  | Killed a tentacled starspawn
 19491 | Abyss:3  | Reached XP level 15. HP: 141/141 MP: 20/20
 19498 | Abyss:3  | Noticed a tentacled starspawn
 19506 | Abyss:3  | Killed a tentacled starspawn
 19568 | Abyss:3  | Paralysed by accursed screaming for 1 turns
 19581 | Abyss:3  | Paralysed by accursed screaming for 2 turns
 19649 | Abyss:3  | Noticed a bone dragon
 19663 | Abyss:3  | Noticed an ancient lich
 19699 | Abyss:3  | Killed an ancient lich
 19769 | Abyss:3  | Noticed a bone dragon
 19924 | Abyss:3  | Found a corrupted altar of Lugonu.
 20018 | Abyss:3  | Noticed a tentacled starspawn
 20027 | Abyss:3  | Killed a tentacled starspawn
 20030 | Lair:3   | Escaped the Abyss
 20392 | Lair:4   | Found a runed translucent door.
 20393 | Lair:4   | Found a staircase to the Slime Pits.
 20929 | Lair:3   | Noticed Gastronok
 20938 | Lair:3   | Killed Amaemon
 20977 | Lair:3   | Killed Gastronok
 20992 | Lair:3   | Killed Sonja
 21238 | Lair:3   | Found a staircase to the Snake Pit.
 21466 | Lair:3   | Found a staircase to the Swamp.
 21500 | Lair:3   | Found a blossoming altar of Fedhas.
 22107 | Lair:5   | Entered Level 5 of the Lair of Beasts
 22357 | Lair:5   | Reached skill level 10 in Invocations
 22639 | Lair:5   | Reached XP level 16. HP: 144/151 MP: 20/23
 23802 | D:14     | Reached skill level 15 in Shields
 23991 | D:14     | Reached skill level 15 in Armour
 24070 | D:14     | Found a gate to the Vaults.
 24548 | D:15     | Entered Level 15 of the Dungeon
 24553 | D:15     | Identified the +3 falchion "Udeunup" {venom, rElec Str+3}
 24671 | D:15     | Found a staircase to the Depths.
 25004 | D:15     | Found a glowing golden altar of the Shining One.
 25540 | Depths:1 | Entered Level 1 of the Depths
 25574 | Depths:1 | Found a one-way gateway to a ziggurat.
 25994 | Snake:1  | Entered Level 1 of the Snake Pit
 26007 | Snake:1  | Found Nitoephi's Magic Scroll Shop.
 26719 | Snake:1  | Noticed Aizul
 26732 | Snake:1  | Killed Aizul
 27755 | Snake:2  | Reached XP level 17. HP: 115/161 MP: 20/26
 28212 | Snake:2  | Found Imyofuism's Jewellery Shoppe.
 28219 | Snake:2  | Bought an amulet of regeneration for 510 gold pieces
 28377 | Snake:2  | You fall into a shaft and drop 1 floor!
 28863 | Snake:3  | Found Vurpher's Antique Weapon Emporium.
 29043 | Snake:3  | Found Cacinam's Tremendous Tomes.
 29601 | Snake:3  | Noticed Vashnia
 29641 | Snake:3  | Killed Vashnia
 29917 | Snake:4  | Entered Level 4 of the Snake Pit
 30121 | Snake:4  | Noticed Agnes
 30152 | Snake:4  | Killed Agnes
 30153 | Snake:4  | Reached XP level 18. HP: 72/173 MP: 27/27
 30352 | Snake:4  | Mangled by a salamander tyrant

Illustrated notes

Levels and vault maps discovered:
D:1:      minmay_arrival_four_circles, layout_rooms, minmay_domino_4
D:2:      minmay_razor_zed, layout_basic, nicolae_kite_square_tiling_tiny
D:3:      layout_basic
D:4:      layout_basic, lemuel_blue_sif_altar
D:5:      layout_basic, nicolae_stop_n_shop_2, minmay_increasing_density,
          uniq_duvessa
D:6:      layout_loops_ring, temple_garden, enter_ossuary_2, uniq_blork_the_orc,
          uniq_prince_ribbit1
D:7:      layout_basic, nicolae_overflow_two_pavilions, cheibrodos_worm_habitat,
          serial_shops, nicolae_shop_pleasant_corner_grove
D:8:      layout_rooms, kennysheep_mini, erik_lair_orcish_takeover, uniq_maurice
D:9:      layout_basic
D:10:     minmay_chopped_fan, layout_basic, hangedman_ru_absence,
          mainiacjoe_overflow_catwalk_spiral, enter_bailey_3, minivault_14
D:11:     minmay_goldmine, layout_basic, orc_0_dummy, serial_shops,
          nicolae_shop_competitors_out_of_business,
          hellmonk_guarded_unrand_cigotuvi
D:12:     layout_stronghold, uniq_josephine
D:13:     layout_gridville
D:14:     layout_long_grid, david_vaults_1, serial_co_window_serial,
          co_window_paths_a, co_window_paths_a, co_window_corner_a,
          co_window_corner_a, co_window_paths_a, co_window_cross_2,
          co_window_paths_c, co_window_paths_c, co_window_corner_ca,
          glass_columns_a, glass_columns_a, glass_columns_a
D:15:     grunt_enter_depths_snipers, layout_stronghold, lemuel_round_altar
Temple:   nicolae_temple_great_sept
Lair:1:   layout_chaotic_city, lemuel_old_faithful, serial_bayou_shore_b
Lair:2:   layout_regular_city, dreamdust_mushroom_princess,
          grunt_forest_large_clearing_hut
Lair:3:   layout_small_grid, minmay_swamp_entry_worms,
          guppyfry_snake_entry_island, gauntlet_entry_generic,
          hangedman_tree_tricks, uniq_sonja, uniq_amaemon, uniq_gastronok
Lair:4:   layout_big_grid, slime_entry_2, grunt_forest_stairs_basic
Lair:5:   minmay_lair_end_enchanted_forest, layout_hall_layers
Snake:1:  layout_onion, serial_shops, shop, eino_curves_03,
          nicolae_snake_single_loop, nicolae_snake_gridmaze_big_u, uniq_aizul
Snake:2:  layout_basic, serial_shops, nicolae_shop_gaudy_bauble, serial_curves,
          eino_curves_02, eino_curves_02, eino_curves_04, eino_curves_02,
          lemuel_fruit_tree
Snake:3:  layout_honeycomb, serial_shops, nicolae_shop_hallway_stairs,
          nicolae_shop_i_like_big_books, uniq_vashnia
Snake:4:  grunt_snake_rune_pools, layout_cave_shapes, uniq_agnes
Orc:1:    cheibrodos_orc_bank, layout_diamond_mine, serial_shops,
          nicolae_shop_industrial_runoff
Orc:2:    st_orc_pillars, layout_caves, nicolae_shop_gadgets, uniq_saint_roka
Depths:1: layout_honeycomb, enter_ziggurat_b, abyss_entry, basic_altar,
          hellmouth_1, doesnt_xom_only_xom

Skill      XL: |  1  2  3  4  5  6  7  8  9 10 11 12 13 14 15 16 17 |
---------------+----------------------------------------------------+-----
Axes           | 3 4 5 6 10 12 13 14 16 17 18 | 18.0
Fighting       | 4 5 6 7 10 11 12 14 15 17 18 | 18.6
Armour         | 4 5 6 9 10 11 13 14 15 17 | 17.2
Shields        | 4 5 6 9 10 11 13 14 15 17 | 17.2
Necromancy     | 2 4 5 6 |  6.0
Spellcasting   | 1 2 3 |  3.6
Invocations    | 6 10 12 | 12.6

Action                     |  1- 3 |  4- 6 |  7- 9 | 10-12 | 13-15 | 16-18 || total
---------------------------+-------+-------+-------+-------+-------+-------++-------
  Melee: War axe           |   117 |   138 |     5 |       |       |       ||   260
         Broad axe         |       |       |   206 |   442 |  1197 |   768 ||  2613
  Throw: Javelin           |       |       |       |       |     6 |       ||     6
         Boomerang         |       |       |       |       |     2 |       ||     2
 Invoke: Greater Servant o |       |       |       |       |       |     1 ||     1
    Use: Potion            |       |     1 |     8 |     3 |    21 |     6 ||    39
         Scroll            |       |       |    22 |     9 |    19 |     6 ||    56
 Armour: Scale mail        |    73 |    71 |     1 |       |       |       ||   145
         Chain mail        |       |       |   138 |   111 |       |       ||   249
         Crystal plate arm |       |       |       |   200 |   728 |   508 ||  1436
  Dodge: Dodged            |    77 |    66 |    87 |   110 |   220 |   132 ||   692
  Block: Buckler           |    33 |    47 |    49 |    53 |       |       ||   182
         Tower shield      |       |       |       |   259 |  1254 |   961 ||  2474
